 Dungeon Sprint DCSS version 0.28.0-43-g3370ac3207 (webtiles) character file.

Game seed: 3785242845664551346

4927 boopmooplesden the Fencer (level 10, -1/166 HPs)
             Began as a Minotaur Berserker on Mar 10, 2022.
             Was a High Priest of Trog.
             Shot with an arrow by Nessos (14 damage)
             ... in the Dungeon (Sprint II: "The Violet Keep of Menkaure").
             The game lasted 00:04:57 (1873 turns).

boopmooplesden the Fencer (Minotaur Berserker)      Turns: 1873, Time: 00:04:57

Health: -1/166     AC: 21    Str: 26    XL:     10   Next: 27%
Magic:  9/9        EV: 12    Int: 10    God:    Trog [*****.]
Gold:   573        SH:  5    Dex: 12    Spells: 9/9 levels left

rFire   + + +      SeeInvis .   t - +10 double sword "Vinub" {elec, rF+ Str+6}
rCold   . . .      Faith    .   (no shield)
rNeg    . . .      Spirit   .   i - +8 chain mail "Niutseirho" {*Slow rF++ Int+6}
rPois   .          Reflect  +   j - +2 hat
rElec   .          Harm     .   (no cloak)
rCorr   .          Rampage  .   (no gloves)
Will    .....      Rage     1%  (no boots)
Stlth   .......... NoTele   +   k - amulet of reflection
HPRegen 0.37/turn               v - ring of flight
MPRegen 0.11/turn               (no ring)

@: berserking, lethally poisoned (-1 -> -27), flying, very quick
A: horns 2, retaliatory headbutt, berserk 1, weak 2, no potion heal 1
a: Renounce Religion, Berserk, Trog's Hand, Brothers in Arms


You were in the Dungeon.
You worshipped Trog.
Trog was extremely pleased with you.
You visited 1 branch You collected 1405 gold pieces.
You spent 832 gold pieces at shops.

Inventory:

Hand Weapons
 a - a +0 falchion
 l - a +2 antimagic battleaxe
 t - the +10 double sword "Vinub" (weapon) {elec, rF+ Str+6}
   (You acquired it in the Dungeon)

   It occasionally discharges a powerful burst of electricity upon striking a
   foe.
   Str:       It affects your strength (+6).
   rF:        It protects you from fire.
Armour
 b - a +0 animal skin
 i - the +8 chain mail "Niutseirho" (worn) {*Slow rF++ Int+6}
   (You bought it in a shop in the Dungeon)

   Int:       It affects your intelligence (+6).
   rF:        It greatly protects you from fire.
   *Slow:     It may slow you when you take damage.
 j - a +2 hat (worn)
 u - a +0 plate armour
 y - a +0 pair of boots
Jewellery
 k - an amulet of reflection (around neck)
 m - an amulet of faith
 v - a ring of flight (left hand)
Scrolls
 h - a scroll of blinking
 p - a scroll of amnesia {unknown}
 r - a scroll of vulnerability {unknown}
 s - a scroll of fog {unknown}
Potions
 c - a potion of curing
 d - a potion of heal wounds
 e - a potion of haste
 f - 6 potions of magic
 g - 3 potions of berserk rage
 n - a potion of mutation {unknown}
 q - 4 potions of flight
 z - 3 potions of resistance


   Skills:
 + Level 17.3 Fighting
 + Level 18.6 Long Blades
 + Level 10.5 Armour
 + Level 8.9 Dodging
 + Level 1.3 Stealth
 + Level 4.3 Shields


You had 9 spell levels left.
You didn't know any spells.
Your spell library was empty.

Dungeon Overview and Level Annotations

Branches:
Dungeon (1/1)

Altars:
Cheibriados
Dithmenos
Elyvilon
Fedhas
Gozag
Hepliaklqana
Kikubaaqudgha
Makhleb
Nemelex Xobeh
Okawaru
Qazlal
Ru
Sif Muna
Trog
Uskayaw
Vehumet
Wu Jian
Xom
Yredelemnul
Zin
The Shining One
Beogh
Jiyva
Lugonu

Shops:
D :[*=:[=?((?[=!([!*:

Annotations:
D exclusion: oklob plant, Nessos


Innate Abilities, Weirdness & Mutations

You have a pair of horns on your head.
You reflexively headbutt those who attack you in melee.
You tend to lose your temper in combat.
You are very weak. (Str -4)
Potions are less effective at restoring your health.


Message History

You feel very sick.
Nessos shoots an arrow.
The arrow closely misses you.
Nessos shoots an arrow.
The arrow hits you!
You are more poisoned.
There is an entrance to Lolyedos's Magic Scroll Emporium here.
You feel extremely sick.
Nessos shoots an arrow.
You reflect the arrow off an invisible shield around you!
The arrow hits Nessos!
The arrow burns Nessos.
Nessos is poisoned.
Nessos gestures wildly while chanting.
Nessos blinks!
You feel very sick.
Nessos gestures wildly while chanting.
Nessos blinks!
Nessos shoots an arrow.
The arrow hits you but does no damage.
Nessos pounds the earth with their hooves.
You feel very sick. Nessos says, "Study your classics!"
Nessos shoots an arrow.
The arrow barely misses you.
Nessos shoots an arrow.
The arrow hits you but does no damage.
Really fly into that net trap?
Okay, then.
You feel very sick.
Nessos shoots an arrow.
The arrow hits you but does no damage. Nessos drops a net on you.
You avoid being caught in a net.
You feel very sick.
Nessos shoots an arrow.
The arrow hits you!!
* * * LOW HITPOINT WARNING * * *
The arrow burns you.
You are lethally poisoned!
* * * LOW HITPOINT WARNING * * *
Nessos shoots an arrow.
You reflect the arrow off an invisible shield around you!
The arrow hits Nessos!!
The arrow burns Nessos!
Nessos looks as sick as possible!
A red film seems to cover your vision as you go berserk!
You feel yourself moving faster!
You feel mighty!
* * * LOW HITPOINT WARNING * * *
You feel extremely sick.
Nessos shoots an arrow.
The arrow hits you!
You die...

## ### ### #∩####+####°≈
##....#####○≈○
#∩...^...'§§≈≈
###########.##§§°
):ooo:ooo#..##≈°
###################^..###
#.!∩|∩§§@^c........^.^+ +
####################### #


You could see Nessos (fast, extremely poisoned).

Vanquished Creatures
  A kraken (D)
  2 deep trolls (D)
  A yaktaur (D)
  3 polar bears (D)
  A hornet (D)
  4 neqoxecs (D)
  Menkaure (D)
  4 water moccasins (D)
  4 necrophages (D)
  5 scorpions (D)
  4 lava snakes (D)
  3 worms (D)
  3 tentacles (D)
36 creatures vanquished.

Vanquished Creatures (others)
  8 tentacles (D)
8 creatures vanquished.

Grand Total: 44 creatures vanquished

Notes
Turn   | Place    | Note
-------+----------+-------------------------------------------
     0 | D        | boopmooplesden the Minotaur Berserker began the quest for
                  | the Orb.
     0 | D        | Reached XP level 1. HP: 19/19 MP: 0/0
     1 | D        | Noticed a neqoxec
     1 | D        | Noticed a neqoxec
     1 | D        | Noticed a neqoxec
     1 | D        | Noticed a neqoxec
     5 | D        | Gained mutation: You are weak. (Str -2) [a neqoxec]
     6 | D        | Gained mutation: You are very weak. (Str -4) [a neqoxec]
     9 | D        | Killed a neqoxec
    10 | D        | Reached skill level 8 in Long Blades
    10 | D        | Reached XP level 2. HP: 35/35 MP: 1/1
    10 | D        | Reached XP level 3. HP: 40/40 MP: 2/2
    10 | D        | Reached XP level 4. HP: 48/48 MP: 3/3
    12 | D        | Killed a neqoxec
    12 | D        | Gained mutation: You tend to lose your temper in combat. [a
                  | neqoxec]
    13 | D        | Reached skill level 10 in Long Blades
    13 | D        | Reached skill level 5 in Armour
    13 | D        | Reached XP level 5. HP: 58/58 MP: 4/4
    18 | D        | Gained mutation: Potions are less effective at restoring
                  | your health. [a neqoxec]
    19 | D        | Killed a neqoxec
    19 | D        | Reached ** piety under Trog
    20 | D        | Reached skill level 11 in Long Blades
    20 | D        | Reached skill level 5 in Dodging
    20 | D        | Reached XP level 6. HP: 68/68 MP: 5/5
    20 | D        | Killed a neqoxec
    21 | D        | Reached skill level 12 in Long Blades
   214 | D        | Reached XP level 7. HP: 77/77 MP: 6/6
   216 | D        | Reached *** piety under Trog
   220 | D        | Reached skill level 13 in Long Blades
   273 | D        | Found Cockou's Weapon Shoppe.
   273 | D        | Found Ykhilow's Jewellery Shoppe.
   273 | D        | Found Xuerph's Antique Weapon Shoppe.
   273 | D        | Found Ycseotim's Antique Weapon Emporium.
   273 | D        | Found Taiw's Distillery.
   273 | D        | Found Waucs's Antique Armour Emporium.
   274 | D        | Found Vusux's Armour Emporium.
   274 | D        | Found Zeyxenu's Magic Scroll Shoppe.
   274 | D        | Found Vuemosm's Antique Armour Shoppe.
   274 | D        | Found Zid Duiz's Book Emporium.
   276 | D        | Reached **** piety under Trog
   280 | D        | Found Umed's Jewellery Shoppe.
   280 | D        | Found Mukenuk's Distillery.
   280 | D        | Found Cerrut Gauxt's Jewellery Emporium.
   280 | D        | Found Junef's Assorted Antiques.
   280 | D        | Noticed Menkaure
   300 | D        | Killed Menkaure
   566 | D        | Reached skill level 14 in Long Blades
   566 | D        | Reached XP level 8. HP: 76/86 MP: 7/7
   569 | D        | Reached ***** piety under Trog
   597 | D        | Noticed an iron elemental
   597 | D        | Noticed an oklob plant
   887 | D        | Found Ulagamus's Book Shoppe.
   892 | D        | Noticed a great orb of eyes
   898 | D        | Bought a spiked chain mail for 237 gold pieces
   898 | D        | Identified the +8 chain mail "Niutseirho" {*Slow rF++
                  | Int+6} (You bought it in a shop in the Dungeon)
   898 | D        | Bought a runed hat for 175 gold pieces
   931 | D        | Bought an amulet of reflection for 420 gold pieces
   959 | D        | Found a snail-covered altar of Cheibriados.
   960 | D        | Found a shadowy altar of Dithmenos.
   960 | D        | Found a viscous altar of Jiyva.
   961 | D        | Found a white marble altar of Elyvilon.
   961 | D        | Found an ancient bone altar of Kikubaaqudgha.
   962 | D        | Found a blossoming altar of Fedhas.
   962 | D        | Found a corrupted altar of Lugonu.
   962 | D        | Found a shimmering blue altar of Sif Muna.
   963 | D        | Found an opulent altar of Gozag.
   963 | D        | Found a burning altar of Makhleb.
   963 | D        | Found a bloodstained altar of Trog.
   964 | D        | Found a sparkling altar of Nemelex Xobeh.
   964 | D        | Found a hide-covered altar of Uskayaw.
   965 | D        | Found an iron altar of Okawaru.
   965 | D        | Found a radiant altar of Vehumet.
   965 | D        | Found a glowing silver altar of Zin.
   966 | D        | Noticed a yaktaur
   966 | D        | Noticed a hornet
   966 | D        | Noticed a polar bear
   966 | D        | Noticed a polar bear
   974 | D        | Killed a polar bear
   975 | D        | Reached skill level 15 in Long Blades
   977 | D        | Killed a polar bear
   978 | D        | Noticed a polar bear
   982 | D        | Killed a yaktaur
   983 | D        | Reached skill level 16 in Long Blades
   987 | D        | Killed a hornet
   987 | D        | Received a gift from Trog
   988 | D        | Reached skill level 15 in Fighting
   988 | D        | Reached XP level 9. HP: 97/97 MP: 8/8
   993 | D        | Killed a polar bear
  1005 | D        | Found a basalt altar of Yredelemnul.
  1030 | D        | Noticed a kraken
  1057 | D        | Reached skill level 1 in Shields
  1076 | D        | Reached skill level 17 in Long Blades
  1517 | D        | Identified a scroll of acquirement
  1517 | D        | Acquired the +10 double sword "Vinub" {elec, rF+ Str+6}
  1542 | D        | Killed a kraken
  1543 | D        | Reached skill level 18 in Long Blades
  1543 | D        | Reached skill level 1 in Stealth
  1591 | D        | Found a shimmering altar of Xom.
  1591 | D        | Found a sacrificial altar of Ru.
  1592 | D        | Found a glowing golden altar of the Shining One.
  1592 | D        | Found an ornate altar of the Wu Jian Council.
  1592 | D        | Found a stormy altar of Qazlal.
  1759 | D        | Noticed a deep troll
  1759 | D        | Noticed a deep troll
  1764 | D        | Killed a deep troll
  1765 | D        | Reached XP level 10. HP: 110/110 MP: 9/9
  1769 | D        | Killed a deep troll
  1769 | D        | Received a gift from Trog
  1770 | D        | Reached skill level 10 in Armour
  1800 | D        | Found a hazy altar of Hepliaklqana.
  1815 | D        | Noticed a sixfirhy
  1821 | D        | Noticed a sixfirhy
  1828 | D        | Noticed a sixfirhy
  1835 | D        | Found Aqeosch's Book Shoppe.
  1836 | D        | Found Mam Seac's Assorted Antiques.
  1850 | D        | Found Lolyedos's Magic Scroll Emporium.
  1852 | D        | Found Yhesow's Armour Shoppe.
  1859 | D        | Noticed Nessos
  1873 | D        | Shot with an arrow by Nessos

Illustrated notes

Levels and vault maps discovered:
D:        the_violet_keep_of_menkaure [sprint2_stairs_cluster_1,
          sprint2_shoproom, sprint2_temple, sprint2_basic_supplies,
          sprint2_obstacle_6, sprint2_obstacle_5, sprint2_obstacle_7,
          sprint2_obstacle_4, sprint2_obstacle_1, sprint2_timed_cluster_1,
          sprint2_smallroom_cluster_1, sprint2_smallroom_final_cluster_1,
          sprint2_transparent_cluster_1, sprint2_second_timed_cluster_1,
          sprint2_sniper_area_1, sprint2_heavy_combat_area_1,
          sprint2_mutation_trap_area_1, sprint2_forest_area_1,
          sprint2_light_combat_area_1, sprint2_behind_water_1,
          sprint2_near_end_vault_1]

Skill      XL: |  1  2  3  4  5  6  7  8  9 10 |
---------------+-------------------------------+-----
Fighting       | 8 9 11 12 13 15 16 17 | 17.3
Long Blades    | 8 10 11 12 14 16 18 | 18.6
Armour         | 4 5 6 7 9 10 | 10.5
Dodging        | 3 4 5 6 7 8 |  8.9
Shields        | 3 4 |  4.3
Stealth        | 1 |  1.3

Action                   |  1- 3 |  4- 6 |  7- 9 | 10-12 || total
-------------------------+-------+-------+-------+-------++-------
Melee: Falchion          |     7 |    12 |   120 |       ||   139
       Headbutt          |     3 |     4 |    30 |     3 ||    40
       Double sword      |       |       |    14 |    13 ||    27
Invok: Berserk           |     1 |     1 |     3 |     1 ||     6
  Use: Scroll            |       |       |     4 |     2 ||     6
       Potion            |       |       |     1 |       ||     1
Armor: Animal skin       |       |     1 |     3 |       ||     4
       Chain mail        |       |       |    42 |     8 ||    50
Dodge: Dodged            |     1 |     5 |    36 |    13 ||    55
Block: Other             |       |       |    16 |     4 ||    20
       Reflection        |       |       |       |     2 ||     2
